 Dungeon Crawl Stone Soup version 0.20-a0-269-g17f5411 (webtiles) character file.

1879 gamerape the Slasher (level 9, -1/75 HPs)
             Began as a Vine Stalker Chaos Knight on Dec 8, 2016.
             Slain by a steam dragon (3 damage)
             ... on level 6 of the Dungeon.
             The game lasted 00:23:30 (5797 turns).

gamerape the Slasher (Vine Stalker Chaos Knight)    Turns: 5797, Time: 00:23:31

Health: -1/75      AC:  7    Str: 18      XL:     9   Next: 14%
Magic:  0/19       EV:  9    Int: 14      God:    Xom [...*..]
Gold:   288        SH:  0    Dex: 15 (16) Spells: 8/8 levels left

rFire  . . .     SeeInvis .     (weapon currently unavailable)
rCold  . . .     Gourm    .     (armour currently unavailable)
rNeg   . . .     Faith    .     (shield currently unavailable)
rPois  +         Spirit   +     (helmet currently unavailable)
rElec  .         Reflect  .     (cloak currently unavailable)
rCorr  .         Harm     .     (gloves currently unavailable)
MR     +....                    (boots currently unavailable)
Stlth  ++........               l - amulet of rage
                                (no ring)
                                N - ring of magical power

@: about to teleport, hydra-form
A: (fangs 0), (hooves 0), agile 1, clever 1, mutation resistance 1, regeneration
1, robust 2, wild magic 1, magic shield, (antimagic bite), no device heal 3, rot
immunity
a: Renounce Religion, Evoke Berserk Rage


You were on level 6 of the Dungeon.
You worshipped Xom.
You were a favourite toy of Xom.
You were full.
You were a two-headed hydra.
You visited 1 branch of the dungeon, and saw 7 of its levels.

You collected 288 gold pieces.

Inventory:

Hand Weapons
 a - a +0 falchion of chaos (melded)
Missiles
 e - 6 curare-tipped needles
 E - 105 stones
 F - a throwing net
 L - 12 tomahawks (quivered)
Armour
 b - a +2 leather armour (melded)
 o - a +1 pair of gloves
 s - a +1 leather armour of cold resistance
 w - the +0 pair of gloves of Divine Intervention (melded) {Str+4}
   (You found it on level 4 of the Dungeon)

   It affects your strength (+4).
Jewellery
 l - an amulet of rage (around neck)
 B - an uncursed ring of ice
 N - a ring of magical power (left foreclaw)
 R - an uncursed ring of protection from cold {unknown}
Wands
 G - a wand of random effects (17/48)
 I - a wand of slowing (33/48)
Scrolls
 g - a scroll of noise {unknown}
 j - a scroll of fog {unknown}
 k - 2 scrolls of enchant armour
 m - a scroll of blinking {unknown}
 u - 2 scrolls of remove curse
 x - 3 scrolls of identify
 y - a scroll of teleportation
 C - a scroll of immolation {unknown}
 J - a scroll of torment {unknown}
 M - a scroll of recharging {unknown}
 O - a scroll of amnesia {unknown}
 Q - a scroll of enchant weapon {unknown}
Potions
 f - 2 potions of cure mutation {unknown}
 h - 3 potions of curing {unknown}
 i - a potion of invisibility {unknown}
 p - a potion of lignification {unknown}
 q - 2 potions of resistance {unknown}
 r - 2 potions of heal wounds {unknown}
 t - a potion of berserk rage {unknown}
 A - a potion of might {unknown}
 D - a potion of flight {unknown}
Books
 z - a book of Changes

   Spells                             Type                      Level
   a - Beastly Appendage              Transmutation                1
   b - Sticks to Snakes               Transmutation                2
   c - Spider Form                    Transmutation/Poison         3
   d - Ice Form                       Ice/Transmutation            4
   e - Blade Hands                    Transmutation                5
 H - a book of Callings

   Spells                             Type                      Level
   a - Summon Small Mammal            Summoning                    1
   b - Call Imp                       Summoning                    2
   c - Call Canine Familiar           Summoning                    3
   d - Summon Guardian Golem          Hexes/Summoning              3
   e - Summon Lightning Spire         Summoning/Air                4
   f - Summon Ice Beast               Ice/Summoning                4
 K - the Handbook of Feathery Displacement
   (You found it on level 6 of the Dungeon)

   Spells                             Type                      Level
   a - Silence                        Hexes/Air                    5
   b - Summon Forest                  Summoning/Translocation      5
 P - a book of Conjurations

   Spells                             Type                      Level
   a - Magic Dart                     Conjuration                  1
   b - Searing Ray                    Conjuration                  2
   c - Dazzling Spray                 Conjuration/Hexes            3
   d - Fulminant Prism                Conjuration/Hexes            4
   e - Iskenderun's Mystic Blast      Conjuration                  4
   f - Iskenderun's Battlesphere      Conjuration/Charms           5
Comestibles
 c - 2 bread rations
 d - 14 fruits


   Skills:
 * Level 6.3 Fighting
 * Level 6.9 Long Blades
 + Level 4.3 Armour
 + Level 3.6 Dodging
 - Level 1.5 Stealth


You had 8 spell levels left.
You didn't know any spells.

Dungeon Overview and Level Annotations

Branches:
Dungeon (7/15)
 Temple: D:4-7

Altars:
Xom


Innate Abilities, Weirdness & Mutations

((You have razor-sharp teeth.))
Your natural rate of healing is unusually fast.
When hurt, damage is shared between your health and your magic reserves.
((Your bite disrupts and absorbs the magic of your enemies.))
Potions and wands cannot restore your health.
You are immune to rotting.
((You have large cloven feet.))
You are agile. (Dex +2)
Your mind is acute. (Int +2)
You are somewhat resistant to further mutation.
You are very robust. (+20% HP)
Your spells are a little harder to cast, but a little more powerful.


Message History

* * * LOW HITPOINT WARNING * * *
You climb upwards.
There is a stone staircase leading down here.
You bite the bullfrog!
You devour the bullfrog!
You feel better.
You kill the bullfrog!
You closely miss the steam dragon. The steam dragon bites you!
* * * LOW HITPOINT WARNING * * *
The steam dragon claws you.
* * * LOW HITPOINT WARNING * * *
You closely miss the steam dragon.
The steam dragon is moderately wounded.
The steam dragon bites you.
* * * LOW HITPOINT WARNING * * *
Xom thinks this is hilarious!
The steam dragon claws you but does no damage.
As you read the scroll labeled KEQYHEXECSE, it crumbles to dust.
You feel strangely unstable.
It was a scroll of teleportation.
The steam dragon barely misses you. The steam dragon claws you.
You die...
Xom titters!

#.#####.# #.)...##.#.#
#.##.###
#.......######(...##.#.#
#.##....
#######......#....##.#.#
#.###### ####
#......##...##.#.###.# #..
...# #.........(.##.#.....#
#.# ...#
#...........##.####### #.#
...# #...........'..# #.#
...#
#.........D.#############.#
...#
#.........D...............#
...#
#...........###############
...#
#......................# #
####
#########'##.#########.# #
#.##.# #.# # #....# #.# #
###### #.# # #.# # #.# #


You could see a steam dragon.

Vanquished Creatures
  The ghost of anet the Magician, a novice DEWz of Ashenzari (D:6)
  Menkaure (D:6)
  A black bear (D:6)
  3 centaurs
  A bullfrog (D:6)
  A scorpion (D:4)
  A scorpion (shapeshifter) (D:5)
  2 crimson imps (D:6)
  A bullfrog zombie (D:6)
  A centaur zombie (D:5)
  5 orc priests
  A centaur skeleton (D:5)
  An iguana (D:4)
  8 worker ants
  A hound skeleton (D:4)
  2 worker ant zombies
  8 gnolls
  10 adders
  A shadow imp (D:6)
  3 oozes
  An adder skeleton (D:6)
  4 worms
  3 leopard geckos
  24 orcs
  3 giant cockroaches
  8 goblins
  10 hobgoblins
  4 jackals
  6 kobolds
  A quokka (D:4)
  2 ball pythons
  3 bats
  3 frilled lizards
  7 rats
132 creatures vanquished.

Notes
Turn   | Place    | Note
-------+----------+-------------------------------------------
     0 | D:1      | gamerape the Vine Stalker Chaos Knight began the quest for the Orb.
     0 | D:1      | Reached XP level 1. HP: 11/11 MP: 2/2
    44 | D:1      | You fall through a shaft!
    55 | D:1      | XOM: silly message
    75 | D:1      | Reached XP level 2. HP: 16/16 MP: 3/3
   187 | D:1      | XOM: scenery: 2 doors close
   278 | D:1      | XOM: noise
   726 | D:2      | Reached skill level 1 in Dodging
   726 | D:2      | Reached XP level 3. HP: 19/20 MP: 4/4
  1240 | D:2      | XOM: 2-stop teleportation journey
  1345 | D:2      | Gained mutation: Your natural rate of healing is unusually fast. [Vine Stalker growth]
  1345 | D:2      | Reached XP level 4. HP: 24/24 MP: 5/5
  1463 | D:2      | XOM: stat loss: -1 Str (14/15)
  1944 | D:2      | XOM: noise
  1952 | D:2      | Reached skill level 1 in Stealth
  1970 | D:2      | Reached XP level 5. HP: 20/28 MP: 6/6
  2284 | D:2      | XOM: mild Summ miscast
  2311 | D:2      | XOM: draining
  2453 | D:3      | Reached XP level 6. HP: 21/32 MP: 5/7
  2789 | D:3      | XOM: scenery: create altars
  2901 | D:4      | Got a pair of fine gloves
  2915 | D:4      | Identified the cursed +0 pair of gloves of Divine Intervention {Str+4} (You found it on level 4 of the Dungeon)
  3109 | D:4      | Reached skill level 5 in Long Blades
  3109 | D:4      | Reached XP level 7. HP: 13/37 MP: 2/8
  3588 | D:5      | Entered Level 5 of the Dungeon
  3598 | D:5      | XOM: give mutations
  3598 | D:5      | Gained mutation: Your spells are a little harder to cast, but a little more powerful. [Xom's grace]
  3598 | D:5      | Gained mutation: You are somewhat resistant to further mutation. [Xom's grace]
  3598 | D:5      | Gained mutation: You are agile. (Dex +2) [Xom's grace]
  3598 | D:5      | Gained mutation: Your mind is acute. (Int +2) [Xom's grace]
  3769 | D:5      | XOM: swap monsters
  3778 | D:5      | XOM: scenery: create altars
  3806 | D:4      | XOM: give mutations
  3806 | D:4      | Gained mutation: You have large cloven feet. [Xom's grace]
  3806 | D:4      | Gained mutation: You are robust. (+10% HP) [Xom's grace]
  3806 | D:4      | Gained mutation: You are very robust. (+20% HP) [Xom's grace]
  4230 | D:5      | XOM: god gift: glowing glaive {god gift}
  4635 | D:6      | XOM: medium Divn miscast
  4692 | D:6      | Gained mutation: You have razor-sharp teeth. [Vine Stalker growth]
  4692 | D:6      | Reached XP level 8. HP: 48/50 MP: 9/9
  4818 | D:6      | Identified the Handbook of Feathery Displacement
  4841 | D:6      | Reached skill level 5 in Fighting
  4983 | D:6      | Noticed anet's ghost (novice DEWz)
  4990 | D:6      | Killed anet's ghost
  5028 | D:6      | Noticed Menkaure
  5082 | D:6      | Killed Menkaure
  5191 | D:6      | XOM: summons 4 hostile demons
  5199 | D:6      | Reached XP level 9. HP: 57/57 MP: 10/10
  5468 | D:6      | XOM: cloud trail
  5778 | D:6      | XOM: cast spell 'Hydra Form'
  5796 | D:6      | HP: 1/75 [steam dragon (5)]
  5797 | D:6      | Slain by a steam dragon

Vault maps used:
D:1:      tarquinn_simple_flora_water_e
D:3:      first_bread
D:5:      lemuel_doored_altar, water_maze_lemuel
D:6:      uniq_menkaure
D:7:      gammafunk_temple_overflow_statue, kennysheep_okawaru_gauntlet

Skill      XL: |  1  2  3  4  5  6  7  8 |
---------------+-------------------------+-----
Long Blades    | 3 4 5 6 |  6.9
Fighting       | 3 4 6 |  6.3
Dodging        | 1 2 3 |  3.6
Armour         | 2 3 4 |  4.3
Stealth        | 1 |  1.5

Action                   |  1- 3 |  4- 6 |  7- 9 || total
-------------------------+-------+-------+-------++-------
Melee: Falchion          |    73 |   151 |   164 ||   388
       Bite              |    14 |    44 |    70 ||   128
       Kick              |       |       |    40 ||    40
       Unarmed           |       |       |     7 ||     7
Throw: Stone             |       |       |     7 ||     7
 Abil: Evoke Berserk Rag |       |       |     5 ||     5
  Use: Scroll            |       |     2 |     2 ||     4
 Stab: Sleeping          |       |     1 |     1 ||     2
       Confused          |       |     1 |       ||     1
       Paralysed         |       |       |     1 ||     1
  Eat: Chunk             |     1 |     6 |    11 ||    18
       Beef jerky        |       |       |     1 ||     1
       Meat ration       |       |       |     1 ||     1
Armor: Leather armour    |    20 |    43 |    58 ||   121
       Skin              |       |       |     4 ||     4
Dodge: Dodged            |    36 |   101 |   157 ||   294
       Rpst.: Falchion   |    14 |    22 |    37 ||    73
